 Dungeon Crawl Stone Soup version 0.15-a0-674-g7948ca6 (webtiles) character file.

49 4tharraofdagon the Bolt Thrower (level 4, -1/25 HPs)
             Began as a Kobold Arcane Marksman on May 9, 2014.
             Was an Initiate of Makhleb.
             Slain by Blork the orc
             ... wielding a +3,+3 scimitar of slicing
              (3 damage)
             ... on Level 4 of the Dungeon.
             The game lasted 00:03:23 (426 turns).

4tharraofdagon the Bolt Thrower (KoAM)               Turns: 426, Time: 00:03:23

HP  -1/25        AC  4     Str 10      XL: 4   Next:  2%
MP   5/5         EV 15     Int 16      God: Makhleb [......]
Gold 33          SH  0     Dex 15      Spells:  1 memorised,  4 levels left

rFire  . . .     SeeInvis .     b - +0 crossbow
rCold  . . .     Clarity  .     a - +0 robe
rNeg   . . .     Conserve .     (no shield)
rPois  .         rCorr    .     i - +0 helmet
rElec  .         rRot     .     (no cloak)
SustAb . .       Spirit   .     (no gloves)
rMut   .         Warding  .     e - +0 pair of boots
Saprov + + .     Stasis   .     (no amulet)
MR     .....                    (no ring)
                                h - ring of wizardry

@: brilliant, not resistant to hostile enchantments, very unstealthy
A: disease resistance, carnivore 3, saprovore 2
a: Renounce Religion


You were on level 4 of the Dungeon.
You worshipped Makhleb.
Makhleb was noncommittal.
You were not hungry.

You visited 1 branch of the dungeon, and saw 4 of its levels.

You collected 33 gold pieces.

Inventory:

Hand weapons
 b - a +0,+0 crossbow (weapon)
Missiles
 c - 15 bolts (quivered)
 n - 25 arrows
Armour
 a - a +0 robe (worn)
 e - a +0 pair of boots (worn)
 i - a +0 helmet (worn)
Magical devices
 k - a wand of enslavement (14)
Comestibles
 f - 2 meat rations
Scrolls
 g - a scroll of blinking {unknown}
 l - a scroll of identify {unknown}
 m - 2 scrolls of teleportation {unknown}
Jewellery
 h - a ring of wizardry (left hand)
Books
 d - a book of Debilitation

   Spells                             Type                      Level
   *Corona                            Hexes                        1
   Slow                               Hexes                        2
   Inner Flame                        Hexes/Fire                   3
   Enslavement                        Hexes                        4
   Cause Fear                         Hexes                        4
   Leda's Liquefaction                Hexes/Earth                  4


   Skills:
 - Level 1.1 Fighting
 * Level 4.8 Crossbows
 - Level 2.4 Dodging
 - Level 1.0 Spellcasting
 - Level 3.0 Hexes


You had 4 spell levels left.
You knew the following spells:

 Your Spells              Type           Power        Failure   Level  Hunger
a - Corona                Hex            ###....      1%          1    ##.....


Dungeon Overview and Level Annotations

Branches:
Dungeon (4/15)
 Temple: D:4-7

Altars:
Makhleb
Yredelemnul

Annotations:
D:4 Blork the orc


Innate Abilities, Weirdness & Mutations

You recuperate from illness quickly.
You are small and have problems with some larger weapons.
You are carnivorous and can eat meat at any time.
You can eat rotten meat.


Message History

* * * LOW HITPOINT WARNING * * *
x2 You are too injured to fight recklessly!
You are too injured to fight recklessly!
You are too injured to fight recklessly!
You are too injured to fight recklessly!
You are too injured to fight recklessly!
You are too injured to fight recklessly!
You are too injured to fight recklessly!
You are too injured to fight recklessly!
Drink which item? (? for menu, Esc to quit)
You feel clever all of a sudden.
It was a potion of brilliance.
Blork the orc completely misses you.
Unknown command.
Firing (i - inventory):
c - 16 bolts (quivered)
Press: ? - help, Shift-Dir - straight line, f/p - Blork the orc
Aim: Blork the orc, wielding a runed scimitar and wearing a robe (moderately wounded)
You shoot a bolt. The bolt hits Blork the orc.
Blork the orc is moderately wounded.
Blork the orc hits you with a runed scimitar.
You die...

...........
.............
.............
............#
............#
............#
............#
.............#
........@....#######.#
.......o......<......#
...!...#####.........[
....(.. #.........
...(... #.########
####.. #.# #.. #.# #..
#.# . #.#


You could see Blork the orc.

Vanquished Creatures
  A crimson imp (D:2)
  5 bats
  2 hobgoblins (D:1)
  A quokka (D:2)
  A giant gecko (D:1)
  2 giant newts (D:2)
  2 kobolds (D:2)
  3 rats
17 creatures vanquished.

Notes
Turn   | Place    | Note
--------------------------------------------------------------
     0 | D:1      | 4tharraofdagon, the Kobold Arcane Marksman, began the quest for the Orb.
     0 | D:1      | Reached XP level 1. HP: 12/12 MP: 2/2
   121 | D:2      | Reached XP level 2. HP: 16/16 MP: 3/3
   256 | D:2      | Found a burning altar of Makhleb.
   256 | D:2      | Noticed a crimson imp
   293 | D:2      | 26bolts
   296 | D:2      | Killed a crimson imp
   296 | D:2      | Reached skill level 4 in Crossbows
   296 | D:2      | Reached XP level 3. HP: 7/20 MP: 4/4
   296 | D:2      | Reached XP level 4. HP: 8/25 MP: 5/5
   330 | D:2      | Became a worshipper of Makhleb the Destroyer
   360 | D:3      | Found a basalt altar of Yredelemnul.
   418 | D:4      | Noticed Blork the orc
   426 | D:4      | Slain by Blork the orc

Action                   |  1- 3 |  4- 6 || total
-------------------------+-------+-------++-------
 Fire: Crossbow          |    54 |    12 ||    66
Evoke: Wand              |       |     1 ||     1
  Use: Potion            |     2 |     1 ||     3

Vault maps used:
D:1:      lightli_molten_gateway
D:2:      makhleb_grotto_becter, lemuel_flame_loot_1
D:3:      zin_purify, overflow_temple_1_default
D:4:      first_bread, uniq_natasha, uniq_blork_the_orc
